 Dungeon Crawl Stone Soup version 0.31.0-11-ge490571c62 (webtiles) character file.

Game seed: 10019744954520806655

4029 Skitler the Basher (level 10, -7/79 HPs)
             Began as a Human Gladiator on Jan 26, 2024.
             Was a Believer of Makhleb.
             Mangled by a skeletal warrior
             ... wielding a +0 halberd
              (27 damage)
             ... on level 8 of the Dungeon.
             The game lasted 00:21:21 (8007 turns).

Skitler the Basher (Human Gladiator)                Turns: 8007, Time: 00:21:21

Health: -7/79      AC:  9    Str: 21    XL:     10   Next: 24%
Magic:  12/12      EV: 17    Int: 12    God:    Makhleb [**....]
Gold:   615        SH:  0    Dex: 16    Spells: 9/9 levels left

rFire   . . .        s - +10 whip of the Unspeakable One {flame, Str+4}
rCold   . . .        (no shield)
rNeg    + . .        E - +1 ring mail of Shielding {rPois rN+ Int+3}
rPois   +            c - +0 helmet
rElec   .            (no cloak)
rCorr   .            (no gloves)
SInv    .            m - +0 pair of boots
Will    .....        l - amulet of magic regeneration
Stlth   +            B - ring of flight
HPRegen 0.33/turn    x - +5 ring of evasion
MPRegen 0.53/turn

%: no passive effects
@: flying, studying Armour
A: explore regen
a: Renounce Religion, Minor Destruction


You were on level 8 of the Dungeon.
You worshipped Makhleb.
Makhleb was pleased with you.
You visited 1 branch of the dungeon, and saw 9 of its levels.

You collected 615 gold pieces.

Inventory:

Hand Weapons
 a - a +0 long sword
 s - the +10 whip of the Unspeakable One (weapon) {flame, Str+4}
   (You found it on level 3 of the Dungeon)

   Str+4:     It affects your strength (+4).
Missiles
 e - a javelin
Armour
 b - a +0 leather armour
 c - a +0 helmet (worn)
 g - a +0 ring mail
 m - a +0 pair of boots (worn)
 p - a +0 scale mail
 E - the +1 ring mail of Shielding (worn) {rPois rN+ Int+3}
   (You found it on level 6 of the Dungeon)

   Int+3:     It affects your intelligence (+3).
   rPois:     It protects you from poison rN+: It protects you from negative
   energy.
Jewellery
 l - an amulet of magic regeneration (around neck)
 t - a ring of positive energy
 x - a +5 ring of evasion (right hand)
 A - a ring of resist corrosion
 B - a ring of flight (left hand)
Wands
 F - a wand of paralysis (8)
 K - a wand of digging (5)
Scrolls
 f - 6 scrolls of vulnerability {unknown}
 k - 5 scrolls of teleportation {unknown}
 n - a scroll of enchant armour {unknown}
 o - 2 scrolls of enchant weapon {unknown}
 q - 5 scrolls of identify
 r - a scroll of summoning {unknown}
 y - 2 scrolls of noise {unknown}
 C - a scroll of poison {unknown}
 D - a scroll of immolation {unknown}
 G - a scroll of brand weapon {unknown}
Potions
 d - a potion of enlightenment {unknown}
 h - a potion of mutation {unknown}
 i - a potion of heal wounds {unknown}
 j - a potion of degeneration {unknown}
 u - a potion of magic {unknown}
 v - a potion of brilliance {unknown}
 w - a potion of haste {unknown}
 z - 5 potions of curing {unknown}
 H - a potion of cancellation {unknown}
 I - a potion of might {unknown}
 J - a potion of berserk rage {unknown}


   Skills:
 + Level 7.4 Fighting
 - Level 4.5 Long Blades
 + Level 10.7 Maces & Flails
 - Level 2.0 Throwing
 + Level 5.7 Armour
 - Level 3.7 Dodging
 - Level 0.1 Stealth
 * Level 3.0 Invocations


You had 9 spell levels left.
You didn't know any spells.
Your spell library contained the following spells:

 Spells                   Type           Power      Damage    Failure   Level
 Apportation              Tloc           0%         N/A       45%         1
 Ensorcelled Hibernation  Hex/Ice        0%         N/A       61%         2
 Jinxbite                 Hex            0%         N/A       61%         2
 Lesser Beckoning         Tloc           0%         N/A       61%         2
 Fugue of the Fallen      Necr           0%         N/A       83%         3
 Gell's Gravitas          Tloc           0%         N/A       83%         3
 Teleport Other           Tloc           0%         N/A       83%         3
 Anguish                  Hex/Necr       0%         N/A       99%         4
 Alistair's Intoxication  Alch           0%         N/A       100%        5
 Dispersal                Tloc           0%         N/A       100%        6


Dungeon Overview and Level Annotations

Branches:
Dungeon (9/15)             Temple (0/1) D:6            Lair (0/5) D:8
    Orc: D:9-12

Altars:
Cheibriados
Dithmenos
Gozag
Kikubaaqudgha
Makhleb
Ru
Trog
Vehumet
Wu Jian
Yredelemnul

Shops:
D:4 =

Annotations:
D:8 1 runed translucent door, exclusion: downstairs
D:9 Erica


Innate Abilities, Weirdness & Mutations

You regain HP and MP as you explore.


Message History

You feel sick.
You feel sick.
You feel sick.
Things that are here:
a +0 morningstar; a +0 robe You feel sick.
You now have 615 gold pieces (gained 27).
Things that are here:
a +0 dagger; a +0 leather armour You feel sick.
You feel sick.
You feel sick.
You are no longer poisoned.
There is an open translucent door here.
You reach down and close the door.
You start resting.
An orc comes into view. It is wielding a +0 club.
An orc is nearby!
You are too injured to fight recklessly!
You are too injured to fight recklessly!
You hit the orc. You burn the orc.
You kill the orc!
Makhleb accepts your kill.
You feel better.
You start resting.
A skeletal warrior is nearby!
A skeletal warrior is nearby!
As you close the door, it creaks loudly!
A skeletal warrior breaks down the door.
It's broken and can't be closed.
Okay, then.
The skeletal warrior completely misses you.
There is a broken translucent door here.
You hit the skeletal warrior but do no damage.
You hit the skeletal warrior but do no damage.
The skeletal warrior hits you with a +0 halberd!
* * * LOW HITPOINT WARNING * * *
Unknown command.
The skeletal warrior hits you from afar with a +0 halberd!!
You die...

.!#.......#..#
#.#........##
.[#.......#..#
#.#[.......#
#.......#..##
#.#........#
#..)...##..###.#........#
##..†)).##..##.#........#
##.##...##.##.#.#####.##
#. ##.z.#.##.#.# #.# ##
##.'#.##.#.# #.#
###@.##.#.# #.# #).##.#.#
#.# . #.###'#.#####.# .
#.......#.....# .
##......#.#####
##......#.## #..........#
##...#.....# #.#.......#


You could see a skeletal warrior.

Vanquished Creatures
  Jeremiah (D:6)
  4 yaks (D:8)
  A wyvern (D:7)
  A steam dragon (D:8)
  Edmund (D:5)
  A water moccasin (D:8)
  An orc warrior (D:7)
  A sky beast (D:7)
  3 ogres
  5 centaurs
  The ghost of puppykicker the Magician, an amateur AtHW (D:3)
  A kobold brigand (D:7)
  4 bullfrogs
  4 scorpions
  6 wights
  3 howler monkeys
  4 hounds
  4 bombardier beetles
  3 jellies (D:5)
  An orc priest (D:7)
  2 sleepcaps
  2 orc wizards
  3 iguanas
  9 adders
  A shadow imp (D:8)
  2 white imps
  2 ufetubi (D:5)
  4 dart slugs
  5 ribbon worms
  17 orcs
  7 ball pythons
  5 bats
  7 endoplasms
  5 giant cockroaches
  8 goblins
  9 hobgoblins
  4 jackals
  2 quokkas
  6 frilled lizards
  11 kobolds
  5 rats
166 creatures vanquished.

Vanquished Creatures (others)
  An orc wizard (D:8)
1 creature vanquished.

Grand Total: 167 creatures vanquished

Notes
Turn   | Place    | Note
-------+----------+-------------------------------------------
     0 | D:1      | Skitler the Human Gladiator began the quest for the Orb.
     0 | D:1      | Reached XP level 1. HP: 16/16 MP: 1/1
    78 | D:1      | Reached XP level 2. HP: 21/22 MP: 2/2
   455 | D:1      | You fall into a shaft and drop 1 floor!
   628 | D:1      | Reached XP level 3. HP: 28/28 MP: 3/3
   929 | D:2      | Found a sacrificial altar of Ru.
  1175 | D:2      | Reached XP level 4. HP: 34/34 MP: 4/4
  1579 | D:3      | Found a snail-covered altar of Cheibriados.
  1594 | D:3      | Reached XP level 5. HP: 41/41 MP: 5/5
  1653 | D:3      | Noticed an ogre
  1653 | D:3      | Noticed puppykicker's ghost (amateur AtHW)
  1655 | D:3      | Noticed an ogre
  1656 | D:3      | Found a transporter.
  1660 | D:3      | Found a transporter.
  1839 | D:3      | Reached skill level 1 in Armour
  1941 | D:3      | Identified the +10 whip of the Unspeakable One {flame,
                  | Str+4}
  2031 | D:3      | Found a radiant altar of Vehumet.
  2034 | D:3      | Found a burning altar of Makhleb.
  2295 | D:4      | Reached skill level 1 in Maces & Flails
  2691 | D:4      | Reached XP level 6. HP: 27/48 MP: 6/6
  2812 | D:4      | Reached skill level 2 in Maces & Flails
  2868 | D:4      | Found Avviliwn's Jewellery Shoppe.
  3144 | D:3      | Found an opulent altar of Gozag.
  3144 | D:3      | Found a sacrificial altar of Ru.
  3147 | D:3      | Found an ancient bone altar of Kikubaaqudgha.
  3168 | D:3      | Became a worshipper of Makhleb the Destroyer
  3535 | D:3      | Reached skill level 3 in Maces & Flails
  3543 | D:3      | Reached XP level 7. HP: 29/55 MP: 7/7
  3546 | D:3      | Killed puppykicker's ghost
  3547 | D:3      | Reached skill level 4 in Maces & Flails
  3691 | D:5      | Entered Level 5 of the Dungeon
  3735 | D:5      | Found an ornate altar of the Wu Jian Council.
  3889 | D:5      | Reached * piety under Makhleb
  3958 | D:5      | Reached skill level 5 in Fighting
  4041 | D:5      | Reached skill level 5 in Maces & Flails
  4233 | D:5      | Found a basalt altar of Yredelemnul.
  4352 | D:5      | Reached XP level 8. HP: 33/62 MP: 8/8
  4683 | D:5      | Noticed Edmund
  4693 | D:5      | Killed Edmund
  4694 | D:5      | Reached skill level 6 in Maces & Flails
  5236 | D:6      | Found a staircase to the Ecumenical Temple.
  5318 | D:6      | Noticed Jeremiah
  5320 | D:6      | Found a bloodstained altar of Trog.
  5336 | D:6      | HP: 2/55 [Jeremiah/+3 trident of draining (2)]
  5337 | D:6      | Killed Jeremiah
  5338 | D:6      | Reached skill level 7 in Maces & Flails
  5583 | D:6      | Found a shadowy altar of Dithmenos.
  5924 | D:6      | Reached skill level 8 in Maces & Flails
  6117 | D:6      | Reached XP level 9. HP: 69/69 MP: 9/9
  6336 | D:6      | Reached skill level 9 in Maces & Flails
  6399 | D:6      | Identified the +1 ring mail of Shielding {rPois rN+ Int+3}
  6733 | D:7      | Reached ** piety under Makhleb
  7042 | D:7      | Reached skill level 1 in Invocations
  7334 | D:8      | Found a staircase to the Lair.
  7434 | D:8      | Found a runed translucent door.
  7529 | D:8      | Reached skill level 10 in Maces & Flails
  7548 | D:8      | Reached skill level 5 in Armour
  7548 | D:8      | Reached XP level 10. HP: 52/79 MP: 11/11
  7624 | D:8      | Found a runed translucent door.
  7914 | D:9      | Noticed Erica
  7996 | D:8      | Noticed a skeletal warrior
  8007 | D:8      | Mangled by a skeletal warrior

Illustrated notes

Levels and vault maps discovered:
D:1:      heliophobic_arrival_battle_scene, layout_loops_ring, serial_bayou,
          serial_bayou_shore_b, serial_bayou_pond_d, serial_bayou_shore_a,
          serial_bayou_crossing, grunt_decor_cap
D:2:      minmay_inner_zag, layout_rooms, basic_altar
D:3:      minmay_chambers_of_threes, layout_rooms, slow_altar_1,
          nicolae_overflow_hidden_temple, gammafunk_ghost_smash
D:4:      layout_layer_cave, serial_shops, nicolae_shop_back_alley_shop,
          minivault_1, nicolae_wormholes
D:5:      kennysheep_six_static_rooms, layout_loops_corners,
          mainiacjoe_overflow_tiny_flanked, lemuel_doored_altar,
          minmay_misc_feat_pillars, uniq_edmund
D:6:      layout_cave_pools, trog_hazing_becter, mainiacjoe_overflow_boulevard,
          minmay_temple_entry_stoned_glass, minmay_manual_mail, uniq_jeremiah
D:7:      layout_basic, serial_bayou_lagoon_a, st_stairs_4,
          minmay_fractal_squares_diagonal_5
D:8:      cheibrodos_histonic, layout_basic, kennysheep_minor_cross,
          hangedman_decor_lopped
D:9:      layout_layer_cave, mainiacjoe_overflow_concentric_impassable,
          minmay_orc_entry_guard_dogs, hellmonk_ghost_big_iron,
          minmay_chambers_of_fives, uniq_erica, uniq_psyche

Skill      XL: |  1  2  3  4  5  6  7  8  9 10 |
---------------+-------------------------------+-----
Fighting       | 3 4 5 6 7 |  7.4
Long Blades    | 4 |  4.5
Armour         | 1 5 |  5.7
Maces & Flails | 1 3 5 8 10 | 10.7
Invocations    | 2 3 |  3.0
Throwing       | |  2.0
Dodging        | |  3.7
Stealth        | |  0.1

Action                     |  1- 3 |  4- 6 |  7- 9 | 10-12 || total
---------------------------+-------+-------+-------+-------++-------
  Melee: Long sword        |    91 |    94 |       |       ||   185
         Whip              |       |    68 |   231 |    34 ||   333
         Punch             |       |       |     2 |       ||     2
  Throw: Throwing net      |     1 |     3 |       |       ||     4
    Use: Potion            |       |       |     3 |       ||     3
         Scroll            |       |       |     2 |       ||     2
 Armour: Leather armour    |    17 |       |       |       ||    17
         Ring mail         |    46 |   120 |    62 |    24 ||   252
         Scale mail        |       |       |    57 |       ||    57
         Skin              |       |       |     4 |       ||     4
  Dodge: Dodged            |    70 |   118 |   116 |    40 ||   344
